 Dungeon Crawl Stone Soup version 0.25.0-46-gbd7b0854d2 (webtiles) character file.

Game seed: 12113741426249944306

2949 Jimbable the Spear-Bearer (level 9, -3/72 HPs)
             Began as a Merfolk Gladiator on July 16, 2020.
             Was a Priest of Okawaru.
             Slain by an orc
             ... wielding a +0 war axe
              (6 damage)
             ... on level 8 of the Dungeon.
             The game lasted 00:17:18 (8785 turns).

Jimbable the Spear-Bearer (Merfolk Gladiator)       Turns: 8785, Time: 00:17:18

Health: -3/72      AC:  5    Str: 17    XL:     9   Next: 81%
Magic:  9/9        EV: 19    Int:  7    God:    Okawaru [***...]
Gold:   155        SH:  0    Dex: 22    Spells: 8/8 levels left

rFire    . . .     SeeInvis .   a - +0 trident
rCold    . . .     Gourm    .   (no shield)
rNeg     . . .     Faith    .   b - +0 leather armour
rPois    .         Spirit   .   c - +0 helmet
rElec    .         Reflect  .   t - scarf {repulsion}
rCorr    .         Harm     .   n - +0 pair of gloves
MR       .....                  (no boots)
Stlth    +++.......             (no amulet)
HPRegen  0.22/turn              m - +6 ring of dexterity
MPRegen  0.11/turn              g - ring of stealth

@: lethally poisoned (-3 -> -4), repel missiles
A: change form in water, swift swim, stealthy swim
a: Heroism, Renounce Religion


You were on level 8 of the Dungeon.
You worshipped Okawaru.
Okawaru was most pleased with you.
You were hungry.

You visited 2 branches of the dungeon, and saw 9 of its levels.

You collected 393 gold pieces.
You spent 238 gold pieces at shops.

Inventory:

Hand Weapons
 a - a +0 trident (weapon)
Armour
 b - a +0 leather armour (worn)
 c - a +0 helmet (worn)
 n - a +0 pair of gloves (worn)
 t - a scarf of repulsion (worn)
Jewellery
 g - a ring of stealth (right hand)
 j - a +6 ring of intelligence
 m - a +6 ring of dexterity (left hand)
 o - a -4 ring of evasion
 y - an uncursed ring of stealth
Wands
 i - a wand of iceblast (7)
 u - a wand of disintegration (14)
Scrolls
 d - 7 scrolls of identify
 e - 2 scrolls of fear
 q - a scroll of amnesia
 s - 2 scrolls of blinking
 x - a scroll of magic mapping
 B - 2 scrolls of remove curse
 C - a scroll of teleportation
 D - a scroll of fog
Potions
 h - a potion of haste
 k - 3 potions of cancellation
 l - 2 potions of stabbing
 p - a potion of heal wounds {unknown}
 r - a potion of ambrosia {unknown}
 v - 3 potions of curing
 w - a potion of degeneration {unknown}
 z - a potion of resistance {unknown}
Comestibles
 f - 17 rations
 A - 4 chunks of flesh


   Skills:
 + Level 7.0 Fighting
 + Level 13.7 Polearms
 + Level 3.0 Throwing
 - Level 0.6 Armour
 + Level 8.7 Dodging
 - Level 1.3 Stealth
 + Level 0.1 Invocations
 + Level 0.9 Evocations


You had 8 spell levels left.
You didn't know any spells.
Your spell library contained the following spells:

 Spells                   Type           Power        Failure   Level  Hunger
 Beastly Appendage        Tmut           #.....       50%         1    ##.....
 Freeze                   Ice            #...         50%         1    ##.....
 Sticks to Snakes         Tmut           #.......     63%         2    ###....
 Frozen Ramparts          Ice            #.....       86%         3    ####...
 Ozocubu's Armour         Chrm/Ice       #.......     86%         3    ####...
 Spider Form              Tmut/Pois      #.........   86%         3    ####...
 Hailstorm                Conj/Ice       #.......     99%         4    #####..
 Ice Form                 Ice/Tmut       #.......     99%         4    #####..
 Summon Ice Beast         Ice/Summ       #.......     99%         4    #####..
 Blade Hands              Tmut           #.........   100%        5    ######.


Dungeon Overview and Level Annotations

Branches:
Dungeon (8/15)             Temple (1/1) D:4
   Lair: D:8-11

Altars:
Ashenzari
Dithmenos
Elyvilon
Fedhas
Gozag
Hepliaklqana
Kikubaaqudgha
Makhleb
Nemelex Xobeh
Okawaru
Ru
Trog
Uskayaw
Vehumet
Wu Jian
Yredelemnul
Zin
The Shining One
Jiyva

Shops:
D:4 (   D:6 ?


Message History

You puncture the worker ant!
You kill the worker ant!
Okawaru accepts your kill. The killer bee closely misses you.
The killer bee completely misses you. The orc hits you with a +0 mace.
* * * LOW HITPOINT WARNING * * *
The killer bee barely misses you.
Things that are here:
a +0 short sword; a +0 leather armour; a killer bee corpse You puncture the orc!
You kill the orc!
Okawaru accepts your kill. The killer bee stings you.
* * * LOW HITPOINT WARNING * * *
You feel sick. The killer bee closely misses you.
Things that are here:
a +0 mace; a cursed +0 scale mail The killer bee stings you but does no damage.
The orc hits you with a +0 war axe.
You die...

#########
###..<....#
#o..#####.#
#.#.#
####.#S#
#....oy#
#.##.#@#
#.#........
# .........
.#........
#........./
# .........
.#.##....
() .# .###


You could see a killer bee, an adder and an orc.

Vanquished Creatures
  Pikel (D:5)
  Sigmund (D:5)
  Eustachio (D:4)
  A sky beast (D:6)
  A phantom (D:5)
  A black bear (D:7)
  3 ogres
  3 centaurs
  2 bullfrogs (D:6)
  2 big kobolds
  A scorpion (D:5)
  3 killer bees (D:8)
  2 howler monkeys
  4 crimson imps
  A bullfrog zombie (D:5)
  3 centaur skeletons
  A jelly (D:7)
  3 hounds
  2 orc priests (D:4)
  A bullfrog skeleton (D:7)
  4 orc wizards
  Natasha (thrice) (D:4)
  3 worker ants
  A killer bee zombie (D:7)
  2 hound zombies
  A howler monkey zombie (D:7)
  11 adders
  A shadow imp (D:6)
  2 oozes (D:6)
  3 adder skeletons
  3 worms
  2 dart slugs
  2 leopard geckos
  18 orcs
  8 giant cockroaches
  8 goblins
  12 hobgoblins
  7 jackals
  11 kobolds
  8 quokkas
  6 bats
  5 frilled lizards
  A quokka skeleton (D:4)
  3 rats
162 creatures vanquished.

Vanquished Creatures (others)
  An ogre (D:5)
  An orc wizard (D:5)
  A kobold (D:7)
3 creatures vanquished.

Grand Total: 165 creatures vanquished

Notes
Turn   | Place    | Note
-------+----------+-------------------------------------------
     0 | D:1      | Jimbable the Merfolk Gladiator began the quest for the Orb.
     0 | D:1      | Reached XP level 1. HP: 16/16 MP: 1/1
   124 | D:1      | Reached XP level 2. HP: 23/23 MP: 2/2
   442 | D:1      | Reached skill level 5 in Polearms
   585 | D:1      | Reached XP level 3. HP: 28/28 MP: 3/3
  1072 | D:2      | Reached XP level 4. HP: 10/34 MP: 4/4
  1698 | D:2      | Reached skill level 6 in Polearms
  1971 | D:3      | Reached skill level 1 in Stealth
  1971 | D:3      | Reached XP level 5. HP: 35/41 MP: 5/5
  2130 | D:3      | Found a white marble altar of Elyvilon.
  2238 | D:3      | Noticed a big kobold
  2256 | D:3      | Killed a big kobold
  2256 | D:3      | Reached skill level 7 in Polearms
  2256 | D:3      | Reached skill level 5 in Dodging
  2466 | D:3      | Reached XP level 6. HP: 47/47 MP: 6/6
  3208 | D:4      | Found Vatodwot's Weapon Boutique.
  3313 | D:4      | Found a staircase to the Ecumenical Temple.
  3326 | D:4      | Reached skill level 8 in Polearms
  3337 | D:4      | Noticed Natasha
  3346 | D:4      | Killed Natasha
  3351 | D:4      | Noticed Eustachio
  3367 | D:4      | HP: 1/47 [iron imp[Eustachio] (11)]
  3368 | D:4      | Killed Eustachio
  3368 | D:4      | Reached skill level 9 in Polearms
  3368 | D:4      | Reached XP level 7. HP: 1/53 MP: 7/7
  3389 | Temple   | Entered the Ecumenical Temple
  3396 | Temple   | Became a worshipper of Warmaster Okawaru
  3789 | D:4      | HP: 1/53 [orc priest/divine providence (14)]
  3915 | D:4      | Noticed Natasha
  4098 | D:4      | Killed Natasha
  4145 | D:4      | Noticed Natasha
  4157 | D:4      | Killed Natasha
  4193 | D:4      | Found a basalt altar of Yredelemnul.
  4206 | D:4      | You fall into a shaft and drop 2 floors!
  4468 | D:5      | Entered Level 5 of the Dungeon
  4596 | D:5      | Reached skill level 10 in Polearms
  4873 | D:5      | Reached XP level 8. HP: 51/61 MP: 8/8
  4919 | D:5      | Noticed Pikel
  4955 | D:5      | Killed Pikel
  4955 | D:5      | Reached * piety under Okawaru
  4955 | D:5      | Reached skill level 5 in Fighting
  4955 | D:5      | Reached skill level 11 in Polearms
  5625 | D:5      | Found a bloodstained altar of Trog.
  5658 | D:5      | Reached ** piety under Okawaru
  5726 | D:5      | Found a glowing silver altar of Zin.
  5761 | D:5      | Found an opulent altar of Gozag.
  5783 | D:5      | Noticed Sigmund
  6006 | D:5      | Killed Sigmund
  6006 | D:5      | Reached XP level 9. HP: 38/70 MP: 7/9
  6010 | D:5      | Reached skill level 12 in Polearms
  6688 | D:6      | Found a radiant altar of Vehumet.
  6688 | D:6      | Found a bloodstained altar of Trog.
  7025 | D:6      | HP: 1/70 [something (6)]
  7766 | D:6      | Found Benin's Magic Scroll Emporium.
  7770 | D:6      | Bought a scroll of remove curse for 42 gold pieces
  7770 | D:6      | Bought a scroll of remove curse for 42 gold pieces
  7770 | D:6      | Bought a scroll of identify for 28 gold pieces
  7770 | D:6      | Bought a scroll of remove curse for 42 gold pieces
  7770 | D:6      | Bought 3 scrolls of identify for 84 gold pieces
  8094 | D:7      | Reached skill level 13 in Polearms
  8269 | D:7      | Reached *** piety under Okawaru
  8520 | D:7      | Found an ornate altar of the Wu Jian Council.
  8784 | D:8      | HP: 3/72 [poisoned by a killer bee]
  8785 | D:8      | Slain by an orc

Illustrated notes

Levels and vault maps discovered:
D:1:      mushboom_english_gardens, layout_basic
D:2:      layout_loops_ring
D:3:      layout_loops_ring, lemuel_round_altar
D:4:      layout_cave_pools, lemuel_crystal_altar, minmay_temple_entry_glass,
          first_ration, serial_shops, nicolae_shop_window_shopping,
          uniq_natasha, uniq_eustachio
D:5:      layout_basic, grunt_temple_overflow_gold_and_silver, basic_altar,
          uniq_sigmund, uniq_pikel
D:6:      layout_basic, nicolae_overflow_hidden_temple, serial_shops, shop,
          solitary_fountain
D:7:      layout_gridville, lemuel_round_altar
D:8:      layout_loops_cross, lair_entry_dummy, serial_shops, shop_fountains
Temple:   pf_slimified_temple

Skill      XL: |  1  2  3  4  5  6  7  8  9 |
---------------+----------------------------+-----
Polearms       | 5 6 7 9 10 11 13 | 13.7
Fighting       | 3 4 6 7 |  7.0
Stealth        | 1 |  1.3
Dodging        | 5 6 7 8 |  8.7
Throwing       | 3 |  3.0
Armour         | |  0.6
Invocations    | |  0.1
Evocations     | |  0.9

Action                   |  1- 3 |  4- 6 |  7- 9 || total
-------------------------+-------+-------+-------++-------
Melee: Trident           |   115 |   204 |   486 ||   805
       Punch             |       |       |     1 ||     1
Throw: Throwing net      |       |     3 |     6 ||     9
Invok: Heroism           |       |       |     1 ||     1
Evoke: Wand              |       |     1 |     3 ||     4
  Use: Scroll            |     3 |     5 |     2 ||    10
       Potion            |       |     1 |     1 ||     2
 Stab: Sleeping          |     2 |    11 |    10 ||    23
       Distracted        |       |     1 |     1 ||     2
       Held in net/web   |       |       |     4 ||     4
  Eat: Chunk             |     1 |     7 |    17 ||    25
Armor: Leather armour    |    19 |    54 |    49 ||   122
Dodge: Dodged            |    56 |    86 |   233 ||   375
       Repelled          |       |       |     2 ||     2
